 Seeded DCSS version 0.31-a0-229-g1fc7ce93e2 (webtiles) character file.

Game seed: 705649268257728946 (custom seed)

13 innerfire43 the Trooper (level 2, -2/24 HPs)
             Began as a Demonspawn Monk on July 6, 2023.
             Killed from afar by Terence (14 damage)
             ... with a puff of flame
             ... on level 2 of the Dungeon.
             The game lasted 00:00:35 (632 turns).

innerfire43 the Trooper (Demonspawn Monk)            Turns: 632, Time: 00:00:36

Health: -2/24      AC:  2    Str: 11    XL:     2   Next: 24%
Magic:  2/2        EV: 13    Int: 11    God:
Gold:   26         SH:  0    Dex: 15    Spells: 1/1 levels left

rFire   . . .        a - +0 hand axe
rCold   . . .        d - orb {light}
rNeg    . . .        b - +0 robe
rPois   .            (no helmet)
rElec   .            (no cloak)
rCorr   .            (no gloves)
SInv    .            (no boots)
Will    .....        (no amulet)
Stlth   +            (no ring)
HPRegen 0.24/turn    (no ring)
MPRegen 0.08/turn

%: no passive effects
@: glowing
A: claws 1
a: no special abilities


You were on level 2 of the Dungeon.
You visited 1 branch of the dungeon, and saw 2 of its levels.

You collected 26 gold pieces.

Inventory:

Hand Weapons
 a - a +0 hand axe (weapon)
Armour
 b - a +0 robe (worn)
 d - an orb of light (worn)
Scrolls
 g - a scroll of blinking {unknown}
 i - a scroll of immolation {unknown}
 j - a scroll of teleportation {unknown}
 k - a scroll of fog {unknown}
 l - a scroll of identify {unknown}
Potions
 c - 3 potions of ambrosia
 e - 2 potions of mutation {unknown}
 f - a potion of berserk rage {unknown}
 h - a potion of resistance {unknown}


   Skills:
 + Level 3.2 Fighting
 + Level 2.9 Axes
 + Level 2.9 Dodging


You had one spell level left.
You didn't know any spells.
Your spell library was empty.

Dungeon Overview and Level Annotations

Branches:
Dungeon (2/15)

Altars:

Annotations:
D:2 Terence


Innate Abilities, Weirdness & Mutations

You have sharp fingernails.


Message History

There is a stone staircase leading up here.
Found a stone staircase leading up.
No target in view!
A kobold comes into view. It is wielding a +0 short sword.
The kobold shouts!
The kobold throws a stone.
The stone barely misses you.
A kobold is nearby!
A kobold is nearby!
You hit the kobold.
The kobold is severely wounded.
The kobold hits you but does no damage.
A kobold is nearby!
You hit the kobold.
You kill the kobold!
Found a stone staircase leading down.
No target in view!
No target in view!
A rat comes into view.
Terence the Incautious comes into view.
He is wielding a +0 mace and carrying a wand of flame (16).
Terence shouts!
Terence screams, "I'm going to kill you!"
There are monsters nearby!
A rat comes into view.
There are monsters nearby!
Terence hits you with a +0 mace!
You hit Terence.
Terence is lightly wounded.
You barely miss the rat. Terence completely misses you.
The rat closely misses you. Terence attacks as you move away!
Terence hits you with a +0 mace! The rat barely misses you.
Terence says, "Time to say good-bye..."
The rat attacks as you move away! The rat bites you but does no damage.
The rat attacks as you move away! The rat barely misses you.
You hit the rat.
You kill the rat!
There is a stone staircase leading up here.
Terence zaps a wand.
The puff of flame hits you!
Ouch! That really hurt!
You die...

#.####.#######
#.............
.....####.########.#
... #.†...)...... .
#..########.# #..#
#.r##
######..@#######
........@.......
....##.[.####### ...
+....# .< ##..## .
#..# #..# ...# ###.#


You could see Terence and a rat.

Vanquished Creatures
  2 bats (D:1)
  A goblin (D:1)
  3 hobgoblins (D:1)
  A frilled lizard (D:1)
  4 kobolds
  2 rats
13 creatures vanquished.

Notes
Turn   | Place    | Note
-------+----------+-------------------------------------------
     0 | D:1      | innerfire43 the Demonspawn Monk began the quest for the
                  | Orb.
     0 | D:1      | Reached XP level 1. HP: 18/18 MP: 1/1
   402 | D:1      | Gained mutation: You have sharp fingernails. [demonic
                  | ancestry]
   402 | D:1      | Reached XP level 2. HP: 24/24 MP: 2/2
   615 | D:2      | Noticed Terence
   632 | D:2      | Killed from afar by Terence

Illustrated notes

Levels and vault maps discovered:
D:1:      minmay_arrival_widening_spiral_narrow, layout_basic
D:2:      layout_basic, shapermc_ecumenical_altar_mp_highgroup, uniq_terence,
          uniq_sigmund

Action                     || total
---------------------------++-------
  Melee: Hand axe          ||    33
 Armour: Robe              ||    10
  Dodge: Dodged            ||    26

Table legend: (Time is in decaauts)
 A = Elapsed time spent in this place.
 B = Non-inter-level travel time spent in this place.
 C = Inter-level travel time spent in this place.
 D = Time resting spent in this place.
 E = Time spent auto-exploring this place.
 F = Levels seen in this place.
 G = Mean time per level.
                   A        B        C        D        E       F      G
               +--------+--------+--------+--------+--------+-----+--------+
         Total |    637 |    619 |     18 |      0 |    511 |   2 |  318.5 |
       Dungeon |    637 |    619 |     18 |      0 |    511 |   2 |  318.5 |
               +--------+--------+--------+--------+--------+-----+--------+

Top non-repeatable levels by time:
     D:1: 602 daAuts
     D:2: 34 daAuts
